 Dungeon Crawl Stone Soup version 0.30-b1-5-g8e6c1be481 (webtiles) character file.

Game seed: 15133900272847313568

18 CrazyBamboolord the Charlatan (level 2, -1/23 HPs)
             Began as a Draconian Artificer on May 4, 2023.
             Frozen to death by an endoplasm (5 damage)
             ... on level 1 of the Dungeon.
             The game lasted 00:00:48 (506 turns).

CrazyBamboolord the Charlatan (Draconian Artificer)  Turns: 506, Time: 00:00:49

Health: -1/23      AC:  4    Str: 14    XL:     2   Next: 48%
Magic:  2/2        EV: 12    Int: 11    God:
Gold:   58         SH:  0    Dex: 11    Spells: 1/1 levels left

rFire   . . .        a - +0 club
rCold   . . .        (no shield)
rNeg    . . .        (body armour unavailable)
rPois   .            (helmet restricted)
rElec   .            (no cloak)
rCorr   .            (no gloves)
SInv    .            (no boots)
Will    .....        (no amulet)
Stlth   ++           (no ring)
HPRegen 0.23/turn    (no ring)
MPRegen 0.08/turn

%: no passive effects
@: no status effects
A: AC +4, unfitting armour, cold-blooded
a: no special abilities


You were on level 1 of the Dungeon.
You visited 1 branch of the dungeon, and saw 1 of its levels.

You collected 58 gold pieces.

Inventory:

Hand Weapons
 a - a +0 club (weapon)
Jewellery
 h - a ring of fire
Wands
 b - a wand of flame (13) (quivered)
 c - a wand of charming (15)
 d - a wand of iceblast (5)
Scrolls
 e - a scroll of silence {unknown}
 g - a scroll of brand weapon {unknown}
Potions
 f - a potion of resistance {unknown}


   Skills:
 * Level 1.2 Fighting
 * Level 2.4 Dodging
 * Level 1.2 Stealth
 * Level 3.4 Evocations


You had one spell level left.
You didn't know any spells.
Your spell library was empty.

Dungeon Overview and Level Annotations

Branches:
Dungeon (1/15)

Altars:

Shops:
D:1 [


Innate Abilities, Weirdness & Mutations

Your plain brown scales are hard. (AC +4)
You cannot fit into any form of body armour.
You are cold-blooded and may be slowed by cold attacks.


Message History

The endoplasm freezes you.
You are frozen.
You hit the ball python.
The ball python is severely wounded.
The ball python bites you. The ball python constricts you.
The endoplasm barely misses you. The ball python barely misses you.
The ball python constricts you.
Unknown command.
Unknown command.
You are too injured to fight recklessly!
Unknown command.
You are too injured to fight recklessly!
You closely miss the ball python.
The ball python is severely wounded.
You feel yourself speed up. The ball python barely misses you.
The ball python constricts you. The endoplasm hits you.
The ball python bites you but does no damage.
The ball python constricts you. The endoplasm barely misses you.
The ball python closely misses you. The ball python constricts you.
* * * LOW HITPOINT WARNING * * *
Aiming: Throw Flame
Press: ? - help, Q - select action, (/) - cycle Shift-Dir - straight line, f - ball python
Aim: a ball python (severely wounded, constricting you, 68% to hit)
The puff of flame misses the ball python.
The endoplasm hits you.
* * * LOW HITPOINT WARNING * * *
The ball python bites you.
* * * LOW HITPOINT WARNING * * *
The ball python constricts you.
* * * LOW HITPOINT WARNING * * *
Unknown command.
Aiming: Throw Flame
Press: ? - help, Q - select action, (/) - cycle Shift-Dir - straight line, f/p - ball python
Aim: a ball python (severely wounded, constricting you, 68% to hit)
The puff of flame hits the ball python.
You kill the ball python!
The endoplasm freezes you.
You are frozen.
You die...

# ##.## ##.#.#######.
####.## ##..### .....#
#....# .###.## ##..#.###
# .####.## ##.......# .#
....รท..###.#..###.##...
.#####....##..#.#.... .#
#.######..#.J##..# ##
#.# #...@.!...# #.#
##....##.## #.# ##.#.#
#.# #..#.. ######.#
###.### .......# .#
######## #


You could see an endoplasm.

Vanquished Creatures
  2 dart slugs (D:1)
  An endoplasm (D:1)
  A giant cockroach (D:1)
  2 hobgoblins (D:1)
  A kobold (D:1)
  A quokka (D:1)
  5 ball pythons (D:1)
  2 frilled lizards (D:1)
15 creatures vanquished.

Notes
Turn   | Place    | Note
-------+----------+-------------------------------------------
     0 | D:1      | CrazyBamboolord the Draconian Artificer began the quest for
                  | the Orb.
     0 | D:1      | Reached XP level 1. HP: 16/16 MP: 1/1
   193 | D:1      | Reached XP level 2. HP: 18/23 MP: 2/2
   234 | D:1      | Reached skill level 1 in Stealth
   304 | D:1      | Found Iguney's Armour Shoppe.
   506 | D:1      | Frozen to death by an endoplasm

Illustrated notes

Levels and vault maps discovered:
D:1:      matt_arrival_grand_opening, layout_loops_ring, serial_shops,
          nicolae_shop_window_shopping

Skill      XL: |  1  2 |
---------------+-------+-----
Stealth        | 1 |  1.2
Fighting       | |  1.2
Dodging        | |  2.4
Evocations     | |  3.4

Action                     || total
---------------------------++-------
  Melee: Club              ||    55
         Tailslap          ||     9
  Evoke: Wand              ||     2
 Armour: Skin              ||    11
  Dodge: Dodged            ||    55
